 Dungeon Crawl Stone Soup version 0.29.0-4-gdea44cf6ec (webtiles) character file.

Game seed: 10556221368235436624

335 qw the Ruffian (level 6, -4/51 HPs)
             Began as a Ghoul Fire Elementalist on Aug 29, 2022.
             Was an Initiate of Okawaru.
             Shot with an arrow by a centaur (9 damage)
             ... on level 5 of the Dungeon.
             The game lasted 00:03:45 (4712 turns).

qw the Ruffian (Ghoul Fire Elementalist)            Turns: 4712, Time: 00:03:46

Health: -4/51      AC:  6    Str: 14    XL:     6   Next: 53%
Magic:  7/7        EV:  9    Int: 10    God:    Okawaru [......]
Gold:   176        SH:  0    Dex:  9    Spells: 7/8 levels left

rFire   . . .      SeeInvis .     - Unarmed
rCold   + . .      Faith    .   (no shield)
rNeg    + + +      Spirit   .   d - +0 scale mail
rPois   inf        Reflect  .   (no helmet)
rElec   .          Harm     .   (no cloak)
rCorr   .          Rampage  .   (no gloves)
Will    .....                   (no boots)
Stlth   ..........              (no amulet)
HPRegen 0.00/turn               (no ring)
MPRegen 0.10/turn               (no ring)

@: about to teleport, inhibited regen
A: claws 1, cold resistance 1, negative energy resistance 3, inhibited
regeneration, torment resistance 2, devour on kill
a: Renounce Religion


You were on level 5 of the Dungeon.
You worshipped Okawaru.
Okawaru was noncommittal.
You visited 1 branch of the dungeon, and saw 5 of its levels.

You collected 176 gold pieces.


Innate Abilities, Weirdness & Mutations

You are immune to poison.
You have sharp fingernails.
Your flesh is cold resistant. (rC+)
You are immune to negative energy. (rN+++)
You do not regenerate when monsters are visible.
You are immune to unholy pain and torment.
You thrive by killing the living.


   Skills:
 - Level 3.1 Fighting
 + Level 0.0 Armour
 - Level 1.7 Dodging
 - Level 2.1 Stealth
 - Level 6.0 Unarmed Combat
 - Level 1.7 Spellcasting
 - Level 0.7 Conjurations
 - Level 2.4 Fire Magic


You had 7 spell levels left.
You knew the following spells:

 Your Spells              Type           Power      Damage    Failure   Level
a - Foxfire               Conj/Fire      16%        2x1d4     58%         1

Your spell library contained the following spells:

 Spells                   Type           Power      Damage    Failure   Level
 Scorch                   Fire           10%        2d6       63%         2
 Conjure Flame            Conj/Fire      4%         6-21      92%         3
 Inner Flame              Hex/Fire       3%         N/A       95%         3
 Flame Wave               Conj/Fire      4%         2d5       100%        4

Inventory:

Missiles
 k - 4 boomerangs (quivered)
Armour
 d - a +0 scale mail (worn)
Scrolls
 m - a scroll of identify
Potions
 b - a potion of resistance {unknown}
 c - a potion of haste {unknown}
 e - a potion of heal wounds {unknown}
 f - a potion of berserk rage {unknown}
 g - a potion of might {unknown}
 h - a potion of curing
 j - a potion of attraction {unknown}
 l - a potion of mutation {unknown}
 o - a potion of experience {unknown}

Dungeon Overview and Level Annotations

Branches:
Dungeon (5/15)
 Temple: D:4-7

Altars:
Ashenzari
Fedhas
Kikubaaqudgha
Nemelex Xobeh
Okawaru
Qazlal
Ru
Sif Muna
Wu Jian
Xom
Yredelemnul

Shops:
D:1 :   D:4 ((

Annotations:
D:5 Edmund


Message History

The orc priest miscasts a cantrip.
4699 ||| Stepping ~*~*~tactically~*~*~ (hiding).
4700 ||| Stepping ~*~*~tactically~*~*~ (outnumbered).
The orc attacks as you move away! The orc closely misses you.
The jelly attacks as you move away! The jelly hits you but does no damage.
4701 ||| Stepping ~*~*~tactically~*~*~ (outnumbered).
The orc attacks as you move away! The orc barely misses you.
4702 ||| Stepping ~*~*~tactically~*~*~ (outnumbered).
The orc attacks as you move away! The orc hits you but does no damage.
4703 ||| Stepping ~*~*~tactically~*~*~ (hiding).
4704 ||| Stepping ~*~*~tactically~*~*~ (outnumbered).
4705 ||| Stepping ~*~*~tactically~*~*~ (outnumbered).
4706 ||| Stepping ~*~*~tactically~*~*~ (hiding).
An ufetubus comes into view.
The ufetubus shouts!
You hear a shout!
The ufetubus moves out of view.
4707 ||| Stepping ~*~*~tactically~*~*~ (hiding).
The orc attacks as you move away! The orc hits you with a +0 short sword.
4708 ||| Stepping ~*~*~tactically~*~*~ (hiding).
The orc attacks as you move away! The orc closely misses you.
You claw the orc!
You kill the orc!
Okawaru accepts your kill.
You feel better.
A centaur comes into view.
The centaur moves out of view.
4710 ||| Stepping ~*~*~tactically~*~*~ (outnumbered).
Found a robe.
The ufetubus barely misses you.
The ufetubus hits you but does no damage.
The centaur wields a +0 shortbow.
The centaur shoots an arrow.
The arrow hits you. The ufetubus closely misses you. The ufetubus hits you.
You barely miss the ogre.
The ogre hits you with a +0 giant spiked club!!
Edmund the Younger comes into view.
He is wielding a +2 dire flail of holy wrath and wearing a +4 chain mail of willpower.
4712 ||| READING scroll of teleportation.
As you read the scroll of teleportation, it crumbles to dust.
You feel strangely unstable.
The centaur shoots an arrow.
The arrow hits you!
You die...

###..........
............ ...........
# .. ........##..... ###
.............# #...
##.....###...##
.....#####......##......
[......#O)ooo...........
#@5o###.o......8~~
..P....5J............~~~
}.P..#...............~~~
.cP...#..............~~~
.P....##.........#...~~~
...... #.........##..~~~
. ... ...........#...~~~
.@.. ...........#...~~~
.........#.o.~~~


You could see Edmund, an ogre, a centaur, a jelly, an orc priest, 3 orcs and 2
ufetubi.

Vanquished Creatures
  A phantom (D:5)
  Blork the orc (D:4)
  A necrophage (D:4)
  3 adders (D:3)
  2 ufetubi (D:3)
  A worm (D:2)
  A dart slug (D:1)
  3 orcs
  6 bats
  8 endoplasms
  2 giant cockroaches
  10 goblins
  8 hobgoblins
  9 jackals
  3 quokkas
  9 ball pythons
  5 frilled lizards
  6 kobolds
  8 rats
87 creatures vanquished.

Vanquished Creatures (others)
  A plant (D:2)
1 creature vanquished.

Grand Total: 88 creatures vanquished

Notes
Turn   | Place    | Note
-------+----------+-------------------------------------------
     0 | D:1      | qw the Ghoul Fire Elementalist began the quest for the Orb.
     0 | D:1      | Reached XP level 1. HP: 14/14 MP: 2/2
     0 | D:1      | 0 ||| qw: Version: 0.1-a-90-g952f4b7
     0 | D:1      | 0 ||| qw: Game counter: 3818
     0 | D:1      | 0 ||| qw: Always use a shield: true
     0 | D:1      | 0 ||| qw: God list: Okawaru
     0 | D:1      | 0 ||| qw: Allow faded altars: false
     0 | D:1      | 0 ||| qw: Do Orc after D:15 true
     0 | D:1      | 0 ||| qw: Do second Lair branch before Depths: true
     0 | D:1      | 0 ||| qw: Lair rune preference: random
     0 | D:1      | 0 ||| qw: Plans: Normal
     0 | D:1      | 0 ||| PLANNING D:1-11
    48 | D:1      | 48 ||| Stepping ~*~*~tactically~*~*~ (hiding).
   165 | D:1      | Reached skill level 1 in Unarmed Combat
   241 | D:1      | HP: 3/14 [hobgoblin (5)]
   434 | D:1      | Found Ekatid's Book Emporium.
   460 | D:1      | You fall into a shaft and drop 1 floor!
   491 | D:2      | Reached skill level 1 in Fighting
   491 | D:2      | Reached XP level 2. HP: 22/23 MP: 3/3
   501 | D:2      | 501 ||| READING scroll labelled PAOGGOMIGIE.
   502 | D:2      | 502 ||| DROPPING potion of magic.
   798 | D:1      | 798 ||| Stepping ~*~*~tactically~*~*~ (stealth).
   800 | D:1      | 800 ||| Stepping ~*~*~tactically~*~*~ (stealth).
   801 | D:1      | 801 ||| Stepping ~*~*~tactically~*~*~ (stealth).
   805 | D:1      | 805 ||| Stepping ~*~*~tactically~*~*~ (stealth).
   961 | D:1      | Reached skill level 2 in Unarmed Combat
  1219 | D:1      | Reached XP level 3. HP: 27/28 MP: 4/4
  1247 | D:1      | 1247 ||| Stepping ~*~*~tactically~*~*~ (stealth).
  1253 | D:1      | Noticed a great orb of eyes
  1255 | D:1      | 1255 ||| Stepping ~*~*~tactically~*~*~ (stealth).
  1256 | D:1      | 1256 ||| Stepping ~*~*~tactically~*~*~ (stealth).
  1260 | D:1      | Found a faded altar of an unknown god.
  1266 | D:1      | Noticed a golden eye
  1266 | D:1      | Noticed an eye of devastation
  1266 | D:1      | Noticed a golden eye
  1286 | D:1      | 1286 ||| Stepping ~*~*~tactically~*~*~ (stealth).
  1287 | D:1      | 1287 ||| Stepping ~*~*~tactically~*~*~ (stealth).
  1457 | D:1      | 1457 ||| Stepping ~*~*~tactically~*~*~ (stealth).
  1754 | D:1      | 1754 ||| UPGRADING to +0 scale mail.
  1764 | D:1      | 1764 ||| DROPPING +0 robe.
  1765 | D:1      | 1765 ||| READING scroll labelled YGYOK RUOHAPT.
  1766 | D:1      | 1766 ||| READING scroll labelled KUYGIF XUAKUQ.
  1767 | D:1      | 1767 ||| READING scroll labelled QUYGOI DINI.
  1881 | D:2      | Reached skill level 3 in Unarmed Combat
  2078 | D:2      | 2078 ||| Stepping ~*~*~tactically~*~*~ (stealth).
  2105 | D:2      | Found an ancient bone altar of Kikubaaqudgha.
  2189 | D:2      | 2189 ||| Stepping ~*~*~tactically~*~*~ (stealth).
  2191 | D:2      | 2191 ||| Stepping ~*~*~tactically~*~*~ (outnumbered).
  2192 | D:2      | 2192 ||| Stepping ~*~*~tactically~*~*~ (outnumbered).
  2210 | D:2      | Reached XP level 4. HP: 27/35 MP: 5/5
  2557 | D:2      | 2557 ||| DROPPING ring of wizardry.
  2558 | D:2      | 2558 ||| READING scroll labelled OHIPSA FEIXEUTH.
  2562 | D:2      | 2562 ||| DRINKING 2 silvery potions.
  2590 | D:3      | 2590 ||| Stepping ~*~*~tactically~*~*~ (stealth).
  2606 | D:3      | 2606 ||| Stepping ~*~*~tactically~*~*~ (stealth).
  2776 | D:3      | Reached skill level 4 in Unarmed Combat
  2992 | D:3      | HP: 9/36 [ufetubus (3)]
  3491 | D:3      | 3491 ||| Stepping ~*~*~tactically~*~*~ (stealth).
  3492 | D:3      | 3492 ||| Stepping ~*~*~tactically~*~*~ (stealth).
  3650 | D:3      | 3650 ||| READING scroll labelled JULENN IFYA.
  3651 | D:3      | 3651 ||| READING scroll labelled VIREUME ZAORU.
  3652 | D:3      | 3652 ||| READING scroll labelled WIUGE RAGU.
  3669 | D:4      | 3669 ||| STAIRDANCE
  3677 | D:4      | 3677 ||| STAIRDANCE
  3684 | D:3      | Reached XP level 5. HP: 28/41 MP: 6/6
  3755 | D:4      | 3755 ||| Stepping ~*~*~tactically~*~*~ (stealth).
  3824 | D:4      | 3824 ||| READING scroll of teleportation.
  3838 | D:4      | 3838 ||| Stepping randomly (stuck).
  3839 | D:4      | 3839 ||| Stepping randomly (stuck).
  3840 | D:4      | 3840 ||| Stepping randomly (stuck).
  3841 | D:4      | 3841 ||| Stepping randomly (stuck).
  3853 | D:4      | 3853 ||| Stepping randomly (stuck).
  3854 | D:4      | 3854 ||| Stepping randomly (stuck).
  3855 | D:4      | 3855 ||| Stepping randomly (stuck).
  3890 | D:4      | Reached skill level 5 in Unarmed Combat
  3964 | D:4      | Noticed Blork the orc
  3965 | D:4      | 3965 ||| Stepping ~*~*~tactically~*~*~ (hiding).
  3966 | D:4      | 3966 ||| Stepping ~*~*~tactically~*~*~ (hiding).
  3977 | D:4      | Killed Blork the orc
  3978 | D:4      | Reached XP level 6. HP: 19/48 MP: 7/7
  3987 | D:4      | 3987 ||| Stepping ~*~*~tactically~*~*~ (stealth).
  4225 | D:4      | Found Woic's Weapon Boutique.
  4229 | D:4      | Found Uveth's Antique Weapon Boutique.
  4299 | D:4      | Reached skill level 6 in Unarmed Combat
  4320 | D:4      | Found a shimmering blue altar of Sif Muna.
  4323 | D:4      | Found a sacrificial altar of Ru.
  4324 | D:4      | Found a blossoming altar of Fedhas.
  4329 | D:4      | Found a broken altar of Ashenzari.
  4330 | D:4      | Found a stormy altar of Qazlal.
  4332 | D:4      | Found an iron altar of Okawaru.
  4332 | D:4      | Found an ancient bone altar of Kikubaaqudgha.
  4333 | D:4      | Found a shimmering altar of Xom.
  4336 | D:4      | Found an ornate altar of the Wu Jian Council.
  4337 | D:4      | Became a worshipper of Warmaster Okawaru
  4341 | D:4      | Found a sparkling altar of Nemelex Xobeh.
  4342 | D:4      | Found a basalt altar of Yredelemnul.
  4670 | D:4      | 4670 ||| READING scroll labelled LIVIER TARORUYM.
  4671 | D:4      | 4671 ||| READING scroll labelled FULAMI XAACY.
  4676 | D:5      | Entered Level 5 of the Dungeon
  4677 | D:5      | 4677 ||| STAIRDANCE
  4678 | D:5      | 4678 ||| Stepping ~*~*~tactically~*~*~ (hiding).
  4679 | D:5      | 4679 ||| Stepping ~*~*~tactically~*~*~ (hiding).
  4692 | D:5      | Reached skill level 3 in Fighting
  4693 | D:5      | 4693 ||| Stepping ~*~*~tactically~*~*~ (water).
  4695 | D:5      | 4695 ||| Stepping ~*~*~tactically~*~*~ (outnumbered).
  4696 | D:5      | 4696 ||| Stepping ~*~*~tactically~*~*~ (outnumbered).
  4697 | D:5      | 4697 ||| Stepping ~*~*~tactically~*~*~ (outnumbered).
  4698 | D:5      | 4698 ||| Stepping ~*~*~tactically~*~*~ (outnumbered).
  4699 | D:5      | 4699 ||| Stepping ~*~*~tactically~*~*~ (hiding).
  4700 | D:5      | 4700 ||| Stepping ~*~*~tactically~*~*~ (outnumbered).
  4701 | D:5      | 4701 ||| Stepping ~*~*~tactically~*~*~ (outnumbered).
  4702 | D:5      | 4702 ||| Stepping ~*~*~tactically~*~*~ (outnumbered).
  4703 | D:5      | 4703 ||| Stepping ~*~*~tactically~*~*~ (hiding).
  4704 | D:5      | 4704 ||| Stepping ~*~*~tactically~*~*~ (outnumbered).
  4705 | D:5      | 4705 ||| Stepping ~*~*~tactically~*~*~ (outnumbered).
  4706 | D:5      | 4706 ||| Stepping ~*~*~tactically~*~*~ (hiding).
  4707 | D:5      | 4707 ||| Stepping ~*~*~tactically~*~*~ (hiding).
  4708 | D:5      | 4708 ||| Stepping ~*~*~tactically~*~*~ (hiding).
  4710 | D:5      | 4710 ||| Stepping ~*~*~tactically~*~*~ (outnumbered).
  4711 | D:5      | HP: 5/51 [ogre/+0 giant spiked club (19)]
  4711 | D:5      | Noticed Edmund
  4712 | D:5      | 4712 ||| READING scroll of teleportation.
  4712 | D:5      | Shot with an arrow by a centaur

Levels and vault maps discovered:
D:1:      amcnicky_arrival_wind_blow, layout_loops_corners, serial_shops,
          nicolae_shop_hallway_plus, hellmonk_ecumenical_altar_watching_god
D:2:      layout_basic, basic_altar, serial_bayou, serial_bayou_pond_d,
          serial_bayou_pond_d, serial_bayou_crossing, serial_bayou_ford_a,
          kennysheep_generic_room_12
D:3:      layout_loops_cross, hangedman_decor_points, minivault_11
D:4:      layout_loops_ring, nicolae_overflow_hallway_of_the_gods,
          grunt_ministairs_10, nicolae_wooded_promenade, due_unseen_surprise,
          uniq_blork_the_orc
D:5:      layout_cave_pools, serial_park, serial_park_fountain,
          serial_park_avenue1, serial_park_square3
          [serial_park_minivault_5x5_8], serial_park_square3
          [serial_park_minivault_5x5_7], uniq_edmund

Skill      XL: |  1  2  3  4  5  6 |
---------------+-------------------+-----
Unarmed Combat | 1 2 3 4 5 6 |  6.0
Fighting       | 1 2 3 |  3.1
Dodging        | |  1.7
Stealth        | |  2.1
Spellcasting   | |  1.7
Conjurations   | |  0.7
Fire Magic     | |  2.4

Action                   |  1- 3 |  4- 6 || total
-------------------------+-------+-------++-------
Melee: Unarmed           |   177 |   141 ||   318
       Punch             |     1 |     3 ||     4
Throw: Boomerang         |       |    23 ||    23
  Use: Scroll            |     4 |     8 ||    12
       Potion            |       |     1 ||     1
 Stab: Distracted        |     1 |       ||     1
Armor: Robe              |    10 |       ||    10
       Scale mail        |    34 |    60 ||    94
Dodge: Dodged            |    80 |    82 ||   162

Table legend:
 A = Non-vault XP
 B = Vault XP
 C = Vault XP percentage of total XP
 D = Non-vault monster count
 E = Vault monster count
 F = Vault count percentage of total count
                 A         B        C        D         E       F
            +---------+---------+-------+---------+---------+-------
      Total |     383 |      96 |  20.0 |      83 |       4 |   4.6
            +---------+---------+-------+---------+---------+-------
        D:1 |      45 |       0 |   0.0 |      30 |       0 |   0.0
        D:2 |      38 |       2 |   5.0 |      19 |       1 |   5.0
        D:3 |      83 |       2 |   2.4 |      21 |       1 |   4.5
        D:4 |     109 |      92 |  45.8 |      11 |       2 |  15.4
        D:5 |     108 |       0 |   0.0 |       2 |       0 |   0.0
            +---------+---------+-------+---------+---------+-------
